 Dungeon Crawl Stone Soup version 0.26.1-11-gd32895ea62 (webtiles) character file.

Game seed: 4510994918185364381

94507 phalm the Thaumaturge (level 16, -8/123 HPs)
             Began as a Gnoll Conjurer on May 10, 2021.
             Was a Priest of Ashenzari.
             Mangled by a merfolk impaler
             ... wielding a +0 trident
              (20 damage)
             ... on level 1 of the Shoals.
             The game lasted 01:38:19 (37937 turns).

phalm the Thaumaturge (Gnoll Conjurer)             Turns: 37937, Time: 01:38:19

Health: -8/123     AC: 26    Str: 15    XL:     16   Next: 11%
Magic:  0/31       EV: 18    Int: 31    God:    Ashenzari [***...]
Gold:   1702       SH: 15    Dex: 11    Spells: 7/38 levels left

rFire    + . .     SeeInvis +   a - staff of air {!a}
rCold    + + +     Faith    .   d - +0 kite shield
rNeg     + . .     Spirit   .   B - +5 steam dragon scales (curse)
rPois    .         Reflect  .   E - +1 helmet {Int+3} (curse)
rElec    +         Harm     .   v - +1 cloak {Stlth+}
rCorr    +         Rampage  .   Z - +1 pair of gloves of Wumnam {rF+ rN+ Stlth+} (curse)
Will     +....                  L - +0 pair of boots
Stlth    +++.......             A - amulet of the acrobat (curse)
HPRegen  0.30/turn              S - ring "Faiph" {rElec rCorr} (curse)
MPRegen  0.22/turn              j - ring of Fyhu {rC+++ AC+4 Str+6 Dex-3 Stlth-} (curse)

@: very slow
A: distributed training, fangs 1, large bone plates 1, shaggy fur 1, strong nose
a: Renounce Religion, Curse Item, Scrying


You were on level 1 of the Shoals.
You worshipped Ashenzari.
Ashenzari was most pleased with you.
You visited 5 branches of the dungeon, and saw 21 of its levels.
You also visited: Gauntlet and Ice Cave.

You collected 1949 gold pieces.
You spent 247 gold pieces at shops.


Innate Abilities, Weirdness & Mutations

Your experience applies equally to all skills.
You have very sharp teeth.
Your uncanny sense of smell can sniff out nearby items.
You are partially covered in large bone plates. (SH +4)
You are covered in fur. (AC +1)


   Skills:
 + Level 10.5 Fighting
 + Level 10.5 Short Blades
 + Level 10.5 Long Blades
 + Level 10.5 Axes
 + Level 10.5 Maces & Flails
 + Level 10.5 Polearms
 + Level 10.5 Staves
 + Level 10.5 Slings
 + Level 10.5 Bows
 + Level 10.5 Crossbows
 + Level 10.5 Throwing
 + Level 10.5 Armour
 + Level 11.4(13.1) Dodging
 + Level 11.3(12.9) Stealth
 + Level 10.5 Shields
 + Level 10.5 Unarmed Combat
 + Level 11.5 Spellcasting
 + Level 11.2(13.8) Conjurations
 + Level 8.9(11.7) Hexes
 + Level 8.9(11.7) Summonings
 + Level 8.9(11.7) Necromancy
 + Level 8.9(11.7) Translocations
 + Level 8.9(11.7) Transmutations
 + Level 8.9(11.7) Fire Magic
 + Level 8.9(11.7) Ice Magic
 + Level 8.9(11.7) Air Magic
 + Level 8.9(11.7) Earth Magic
 + Level 8.9(11.7) Poison Magic
 + Level 11.4 Invocations
 + Level 10.5(13.2) Evocations


You had 7 spell levels left.
You knew the following spells:

 Your Spells              Type           Power        Failure   Level
b - Bolt of Magma         Conj/Fire/Erth 38%          1%          5
f - Fulminant Prism       Conj/Hex       39%          1%          4
l - Lightning Bolt        Conj/Air       49%          1%          5
m - Magic Dart            Conj           100%         0%          1
n - Iskenderun's Battles  Conj           81%          1%          5
s - Searing Ray           Conj           100%         1%          2
X - Iskenderun's Mystic   Conj/Tloc      78%          1%          4
Y - Fireball              Conj/Fire      39%          1%          5

Your spell library contained the following spells:

 Spells                   Type           Power        Failure   Level
 Freeze                   Ice            100%         1%          1
 Poisonous Vapours        Pois/Air       100%         1%          2
 Dazzling Flash           Conj/Hex       100%         1%          3
 Frozen Ramparts          Ice            100%         1%          3
 Ignite Poison            Fire/Tmut/Pois 74%          1%          3
 Ozocubu's Armour         Ice            74%          1%          3
 Spider Form              Tmut/Pois      37%          1%          3
 Static Discharge         Conj/Air       98%          1%          3
 Stone Arrow              Conj/Erth      100%         1%          3
 Cause Fear               Hex            37%          1%          4
 Summon Ice Beast         Ice/Summ       74%          1%          4
 Metabolic Englaciation   Hex/Ice        37%          1%          5
 Silence                  Hex/Air        47%          1%          5
 Yara's Violent Unravell  Hex/Tmut       37%          1%          5
 Iron Shot                Conj/Erth      39%          3%          6
 Starburst                Conj/Fire      39%          3%          6
 Freezing Cloud           Conj/Ice/Air   48%          4%          6
 Malign Gateway           Summ/Tloc      37%          32%         7
 Discord                  Hex            37%          95%         8

Inventory:

Hand Weapons
 b - a +2 longbow of flaming
   (You took it off Nessos on level 4 of the Lair of Beasts)
Missiles
 c - 8 poisoned darts
 h - 22 atropa-tipped darts
 u - 3 throwing nets {=f!f}
 x - 64 boomerangs
Armour
 d - a +0 kite shield (worn)
   (You took it off an orc warlord on level 2 of the Orcish Mines)
 v - a +1 cloak of stealth (worn)
   (You took it off Maurice on level 10 of the Dungeon)
 B - cursed +5 steam dragon scales (worn)
   (You found it on level 2 of the Lair of Beasts)
 E - a cursed +1 helmet of intelligence (worn)
   (You bought it in a shop on level 2 of the Orcish Mines)
 L - a +0 pair of boots (worn)
   (You found it on level 8 of the Dungeon)
 Z - the cursed +1 pair of gloves of Wumnam (worn) {rF+ rN+ Stlth+}
   (You found it in a Gauntlet)

   It protects you from fire.
   It protects you from negative energy.
   It makes you more stealthy.
   It has a curse placed upon it.
Magical Staves
 a - an uncursed staff of air (weapon) {!a}
   (You found it on level 2 of the Lair of Beasts)
Jewellery
 j - the cursed ring of Fyhu (right hand) {rC+++ AC+4 Str+6 Dex-3 Stlth-}
   (You found it on level 4 of the Lair of Beasts)

   [ring of protection]

   It affects your AC (+4).
   It affects your strength (+6).
   It affects your dexterity (-3).
   It renders you almost immune to cold.
   It makes you less stealthy.
   It has a curse placed upon it.
 A - a cursed amulet of the acrobat (around neck)
   (You found it on level 2 of the Dungeon)
 N - an uncursed ring of positive energy
   (You found it on level 6 of the Lair of Beasts)
 S - the cursed ring "Faiph" (left hand) {rElec rCorr}
   (You found it on level 6 of the Lair of Beasts)

   [ring of resist corrosion]

   It insulates you from electricity.
   It provides partial protection from all sources of acid and corrosion.
   It has a curse placed upon it.
Wands
 g - a wand of digging (16)
   (You found it on level 6 of the Dungeon)
 p - a wand of polymorph (26)
   (You found it on level 2 of the Dungeon)
 J - a wand of paralysis (9)
   (You found it on level 8 of the Dungeon)
 O - a wand of acid (10)
   (You found it in an ice cave)
 T - a wand of enslavement (27)
   (You found it on level 7 of the Dungeon)
Scrolls
 i - 7 scrolls of remove curse {@r2}
 k - 6 scrolls of magic mapping {!r}
 m - a scroll of immolation {!r!r}
 q - 4 scrolls of fog
 w - 10 scrolls of teleportation {@r4}
 G - 2 scrolls of vulnerability {!r!r}
 H - 5 scrolls of fear
Potions
 e - 6 potions of attraction {!q}
 f - a potion of heal wounds {@q2}
 n - 5 potions of curing {@q1}
 o - 5 potions of ambrosia
 r - 2 potions of might
 t - a potion of haste {@q3}
 y - 2 potions of cancellation
 z - a potion of resistance
 F - 3 potions of flight
 P - a potion of berserk rage {unknown}
 Q - a potion of invisibility {unknown}
 R - a potion of magic {unknown}
 U - 6 potions of brilliance
 V - a potion of lignification {!q}
Miscellaneous
 s - a tin of tremorstones (1/2)
   (You found it on level 11 of the Dungeon)
 C - a box of beasts
   (You found it on level 11 of the Dungeon)
 D - a lightning rod (4/4)
   (You found it in a Gauntlet)

Dungeon Overview and Level Annotations

Branches:
Dungeon (11/15)            Temple (1/1) D:4            Lair (6/6) D:9
 Shoals (1/4) Lair:3       Spider (0/4) Lair:3        Slime (0/5) Lair:5
    Orc (2/2) D:11            Elf (0/3) Orc:2         IceCv (visited)
Gauntlet (visited)

Altars:
Ashenzari
Cheibriados
Dithmenos
Elyvilon
Fedhas
Gozag
Hepliaklqana
Kikubaaqudgha
Makhleb
Nemelex Xobeh
Okawaru
Qazlal
Ru
Sif Muna
Trog
Uskayaw
Vehumet
Wu Jian
Xom
Yredelemnul
Zin
The Shining One
Beogh
Jiyva

Shops:
D:4 :=}   D:5 }   D:9 [   Orc:2 ([([

Annotations:
Lair:5 1 runed translucent door

≈ ≈ ,, ≈≈ ≈
≈≈≈P.PPP≈≈≈≈≈≈≈
≈≈PP≈PP≈≈≈≈≈≈≈P≈ ,
≈≈≈≈≈≈≈≈≈≈P≈≈≈≈≈≈≈≈≈≈≈ ,
≈≈≈≈≈≈≈≈≈≈P≈≈PP≈≈P≈≈≈≈
≈≈≈≈≈≈≈≈≈≈≈≈P≈≈≈P≈≈≈≈≈
≈≈≈≈..≈≈≈≈≈≈≈m≈≈≈≈≈≈≈≈
≈≈≈≈≈≈≈≈≈≈≈≈≈≈≈≈≈≈≈≈≈≈ ≈ ,
≈≈≈≈≈≈≈≈≈≈≈≈≈P≈@≈.≈≈≈≈≈ ,
≈≈≈≈≈≈≈≈≈≈≈≈P≈≈≈≈≈≈≈≈≈
≈≈≈≈≈≈≈≈.)≈≈≈.PPP≈≈≈≈≈≈≈≈≈
,, ,
≈≈..≈≈..#...<.≈≈≈≈≈≈≈≈≈ ,
≈≈...≈..##......≈≈≈≈≈≈≈≈,
≈≈≈≈≈......###....≈≈≈P≈P ,
, ≈≈≈≈..≈....# #P....≈≈≈≈≈
≈≈≈≈.......#####..P≈≈≈.≈ ,
≈≈≈..##.≈...####..≈≈≈≈≈. ,
,, ≈


You could see a merfolk impaler.


Message History

You slip free of the water engulfing you.
You gasp with relief as air once again reaches your lungs.
The sea snake completely misses you.
The water elemental misses you. 😱 HP[-5] MP[+1]
You take 5 damage, and now have 7/123 hp.
As you read the scroll of fear, it crumbles to dust.
You assume a fearsome visage.
The water elemental is unaffected.
The water elemental is unaffected.
The merfolk easily resists.
The water nymph resists with almost no effort.
The sea snake looks frightened!
The water elemental closely misses you. The water elemental hits you.
You block the merfolk's attack.
Splash!
You fall into the shallow water.
Moving in this stuff is going to be slow. 😱 HP[+1] Splash!
You fall into the shallow water.
Moving in this stuff is going to be slow. 😱 MP[+1]
The tremorstone explodes into fragments!
The burst of rock shards engulfs the merfolk!!
The burst of rock shards engulfs the water elemental! x2
The burst of rock shards engulfs the merfolk!
The burst of rock shards engulfs the water elemental!
You destroy the water elemental!
The burst of rock shards engulfs the merfolk!!
You kill the merfolk!
You hear a splash. x2; You hear a bleat!
You hear a shout! x2
You block the water nymph's attack.
Splash!
You fall into the shallow water.
Moving in this stuff is going to be slow. 😱 HP[+1]
You hit the water elemental.
The water elemental is electrocuted.
You destroy the water elemental!
The water nymph barely misses you.
Aiming: Corrosive Bolt
Press: ? - help, Shift-Dir - straight line, f - water nymph
Aim: a water nymph (33% to evade)
The bolt of acid hits the water nymph!!
The water nymph is splashed with acid.
The acid corrodes the water nymph!
You block the water nymph's attack.
Aiming: Corrosive Bolt
Press: ? - help, Shift-Dir - straight line, f/p - water nymph
Aim: a water nymph (heavily wounded, covered in acid, 33% to evade)
The bolt of acid hits the water nymph!!
The water nymph is splashed with acid.
You kill the water nymph!
A merfolk impaler is nearby! 😱 HP[+1] MP[+1]
A merfolk avatar comes into view.
The merfolk avatar chants a haunting song.
You easily resist.
A water elemental comes into view. 😱 HP[+1]
As you read the scroll of teleportation {@r4}, it crumbles to dust.
You feel strangely unstable.
The merfolk avatar chants a haunting song.
You are mesmerised by the merfolk avatar!
Casting: Iskenderun's Mystic Blast (safe; 1% risk of failure)
Confirm with . or Enter, or press ? or * to list all spells.
You conjure a globe of magical energy.
The pull of its song draws you forwards. 😱 MP[-4]
You lost 4 mp, and now have 2/31 mp.
Aiming: Magic Dart (safe; 0% risk of failure)
Press: ? - help, Q - select action, (/) - cycle Shift-Dir - straight line, f - water elemental
Aim: a water elemental (water, 0% to evade)
The magic dart hits the water elemental.
The pull of its song draws you forwards.
The merfolk avatar chants its luring song. 😱 MP[-1]
You lost 1 mp, and now have 1/31 mp.
Aiming: Magic Dart (safe; 0% risk of failure)
Press: ? - help, Q - select action, (/) - cycle Shift-Dir - straight line, f - merfolk avatar, p - water elemental
Aim: a merfolk avatar (mesmerising, 0% to evade)
The magic dart hits the merfolk avatar.
The pull of its song draws you forwards.
Your battlesphere fires!
The barrage of energy hits the merfolk impaler!
The merfolk avatar chants its luring song.
A dream sheep comes into view.
The dream sheep bleats! 😱 HP[+1] MP[-1]
You lost 1 mp, and now have 0/31 mp.
Aiming: Corrosive Bolt
Press: ? - help, Shift-Dir - straight line, f/p - merfolk avatar
Aim: a merfolk avatar (lightly wounded, mesmerising, 30% to evade)
The bolt of acid hits the merfolk avatar!!
The merfolk avatar is splashed with acid.
The acid corrodes the merfolk avatar!
Your surroundings suddenly seem different.
Splash!
You fall into the shallow water.
Moving in this stuff is going to be slow.
You break out of your daze!
A merfolk impaler comes into view. It is wielding a +0 trident.
The merfolk impaler shouts!
The merfolk impaler hits you from afar with a +0 trident!!
You die...

Skill      XL: |  1  2  3  4  5  6  7  8  9 10 11 12 13 14 15 |
---------------+----------------------------------------------+-----
Spellcasting   | 5 6 7 8 9 10 11 | 11.5
Invocations    | 1 2 3 4 5 6 7 8 9 10 11 | 11.4
Fighting       | 1 2 3 4 5 6 7 8 9 10 | 10.5
Short Blades   | 1 2 3 4 5 6 7 8 9 10 | 10.5
Long Blades    | 1 2 3 4 5 6 7 8 9 10 | 10.5
Axes           | 1 2 3 4 5 6 7 8 9 10 | 10.5
Maces & Flails | 1 2 3 4 5 6 7 8 9 10 | 10.5
Polearms       | 1 2 3 4 5 6 7 8 9 10 | 10.5
Staves         | 1 2 3 4 5 6 7 8 9 10 | 10.5
Slings         | 1 2 3 4 5 6 7 8 9 10 | 10.5
Bows           | 1 2 3 4 5 6 7 8 9 10 | 10.5
Crossbows      | 1 2 3 4 5 6 7 8 9 10 | 10.5
Throwing       | 1 2 3 4 5 6 7 8 9 10 | 10.5
Armour         | 1 2 3 4 5 6 7 8 9 10 | 10.5
Shields        | 1 2 3 4 5 6 7 8 9 10 | 10.5
Unarmed Combat | 1 2 3 4 5 6 7 8 9 10 | 10.5
Evocations     | 1 2 3 4 5 6 7 8 9 10 | 10.5
Hexes          | 1 2 3 4 5 6 7 8 |  8.9
Summonings     | 1 2 3 4 5 6 7 8 |  8.9
Necromancy     | 1 2 3 4 5 6 7 8 |  8.9
Translocations | 1 2 3 4 5 6 7 8 |  8.9
Transmutations | 1 2 3 4 5 6 7 8 |  8.9
Fire Magic     | 1 2 3 4 5 6 7 8 |  8.9
Ice Magic      | 1 2 3 4 5 6 7 8 |  8.9
Air Magic      | 1 2 3 4 5 6 7 8 |  8.9
Earth Magic    | 1 2 3 4 5 6 7 8 |  8.9
Poison Magic   | 1 2 3 4 5 6 7 8 |  8.9
Dodging        | 5 6 7 8 9 10 11 | 11.4
Stealth        | 5 6 7 8 9 10 11 | 11.3
Conjurations   | 8 9 10 11 | 11.2

Action                   |  1- 3 |  4- 6 |  7- 9 | 10-12 | 13-15 | 16-18 || total
-------------------------+-------+-------+-------+-------+-------+-------++-------
Melee: Dagger            |    16 |     6 |       |       |       |       ||    22
       Bite              |     1 |     1 |     4 |     8 |    26 |     3 ||    43
       Spear             |       |       |    55 |       |       |       ||    55
       Trident           |       |       |    21 |    93 |    13 |       ||   127
       Punch             |       |       |       |     1 |     6 |       ||     7
       Staff             |       |       |       |       |   220 |    13 ||   233
Throw: Dart              |       |     2 |       |       |       |       ||     2
 Cast: Magic Dart        |    61 |    55 |   334 |   269 |   688 |     2 ||  1409
       Searing Ray       |     1 |     5 |    32 |   103 |    75 |       ||   216
       Fulminant Prism   |       |       |     6 |    11 |     5 |       ||    22
       Iskenderun's Myst |       |       |     1 |    14 |    31 |     2 ||    48
       Bolt of Magma     |       |       |       |    10 |    11 |       ||    21
       Iskenderun's Batt |       |       |       |     1 |   118 |     1 ||   120
       Lightning Bolt    |       |       |       |       |    12 |       ||    12
       Fireball          |       |       |       |       |    25 |       ||    25
Invok: Curse Item        |       |       |       |       |     7 |       ||     7
       Scrying           |       |       |       |       |     1 |       ||     1
Evoke: Wand              |       |       |       |    24 |    11 |    11 ||    46
       Tin of tremorston |       |       |       |       |     1 |     1 ||     2
  Use: Scroll            |       |       |    10 |     9 |    13 |     3 ||    35
       Potion            |       |       |     1 |       |     7 |     5 ||    13
 Stab: Distracted        |       |       |     1 |       |     1 |       ||     2
       Paralysed         |       |       |       |     7 |       |       ||     7
       Sleeping          |       |       |       |       |     1 |       ||     1
Armor: Robe              |     3 |     1 |    16 |    32 |       |       ||    52
       Animal skin       |       |       |       |     4 |     7 |       ||    11
       Steam dragon scal |       |       |       |       |   168 |     8 ||   176
Dodge: Dodged            |    15 |     6 |   111 |   289 |   456 |    23 ||   900
Block: Other             |       |       |    10 |    71 |    68 |       ||   149
       Kite shield       |       |       |       |       |    65 |    26 ||    91

Levels and vault maps discovered:
D:1:      scummos_arrival_star, layout_loops_corners
D:2:      layout_loops_cross, fedhas_altar_3, minmay_crystal_room, uniq_jessica
D:3:      layout_basic, lemuel_doored_altar, ebering_ghost_sewer_f,
          uniq_natasha, uniq_grinder
D:4:      layout_basic, minmay_temple_entry_arrows, serial_shops, shop,
          nicolae_shop_overgrown_old_shop, shop, shop_fountains,
          nicolae_ru_awakened_eye
D:5:      layout_layer_cave, regret_index_temple_of_mockery,
          kennysheep_little_box, serial_shops, nicolae_shop_trees
D:6:      layout_basic, dancing_weapons_uskayaw, trog_eyes_of_draining,
          lightli_orcish_oven
D:7:      layout_gridville
D:8:      layout_basic, old_standard_altar, kennysheep_mini, serial_bayou,
          serial_bayou_pond_a, serial_bayou_lagoon_a, serial_bayou_crossing,
          serial_bayou_shore_b
D:9:      layout_basic, good_gods_mini_temple, old_standard_altar,
          dpeg_oklobed_lair, serial_shops, nicolae_shop_waterfront
D:10:     kennysheep_ambush_hall, layout_basic, basic_altar,
          hangedman_decor_slide_cut, lemuel_flamethrower_1, uniq_maurice
D:11:     layout_roguey, erik_orc_4, portal_ice_cave_entry_ice_beasts,
          minmay_mirror_moons_of_madness
Temple:   nicolae_temple_figure_zero
Lair:1:   beast_lair_carwin_large_2, layout_chaotic_city,
          chequers_serial_rivers_large_a, minivault_27, serial_bayou_lake_a
Lair:2:   layout_small_grid, grunt_megastairs_3
Lair:3:   layout_roguey, minmay_shoals_entry_lonely_mermaid,
          spider_nest_entry_a, grunt_megastairs_2
Lair:4:   layout_hall_layers, uniq_nessos
Lair:5:   layout_regular_city, slime_altar_2, nicolae_volcano_entry_lava_flow,
          gauntlet_entry_generic, minmay_lindwurm_lava
Lair:6:   grunt_lair_end_beastmaster, layout_regular_city, lemuel_fruit_tree
Shoals:1: layout_shoals, st_sunken_huts
Orc:1:    layout_caves, basic_altar
Orc:2:    pubby_orc_utopia, serial_shops

Notes
Turn   | Place    | Note
-------+----------+-------------------------------------------
     0 | D:1      | phalm the Gnoll Conjurer began the quest for the Orb.
     0 | D:1      | Reached XP level 1. HP: 13/13 MP: 6/6
     0 | D:1      | magus.rc [v1.9.10]
    90 | D:1      | Reached XP level 2. HP: 19/19 MP: 5/7
    93 | D:1      | Learned a level 2 spell: Searing Ray
   852 | D:1      | Reached XP level 3. HP: 25/25 MP: 1/9
   963 | D:1      | Reached skill level 5 in Spellcasting
  1344 | D:2      | Reached skill level 1 in Invocations
  1429 | D:2      | Reached skill level 1 in Fighting
  1429 | D:2      | Reached skill level 1 in Short Blades
  1429 | D:2      | Reached skill level 1 in Long Blades
  1429 | D:2      | Reached skill level 1 in Axes
  1429 | D:2      | Reached skill level 1 in Maces & Flails
  1429 | D:2      | Reached skill level 1 in Polearms
  1429 | D:2      | Reached skill level 1 in Staves
  1429 | D:2      | Reached skill level 1 in Slings
  1429 | D:2      | Reached skill level 1 in Bows
  1429 | D:2      | Reached skill level 1 in Crossbows
  1429 | D:2      | Reached skill level 1 in Throwing
  1429 | D:2      | Reached skill level 1 in Armour
  1429 | D:2      | Reached skill level 1 in Shields
  1429 | D:2      | Reached skill level 1 in Unarmed Combat
  1429 | D:2      | Reached skill level 1 in Evocations
  1432 | D:2      | Noticed Jessica
  1449 | D:2      | Killed Jessica
  1450 | D:2      | Reached XP level 4. HP: 23/32 MP: 0/11
  1862 | D:2      | Reached skill level 1 in Hexes
  1862 | D:2      | Reached skill level 1 in Summonings
  1862 | D:2      | Reached skill level 1 in Necromancy
  1862 | D:2      | Reached skill level 1 in Translocations
  1862 | D:2      | Reached skill level 1 in Transmutations
  1862 | D:2      | Reached skill level 1 in Fire Magic
  1862 | D:2      | Reached skill level 1 in Ice Magic
  1862 | D:2      | Reached skill level 1 in Air Magic
  1862 | D:2      | Reached skill level 1 in Earth Magic
  1862 | D:2      | Reached skill level 1 in Poison Magic
  2060 | D:2      | Found a blossoming altar of Fedhas.
  2489 | D:3      | Found a runed translucent door.
  2502 | D:3      | Reached XP level 5. HP: 37/37 MP: 10/12
  2589 | D:3      | Noticed Natasha
  2592 | D:3      | Killed Natasha
  2642 | D:3      | Noticed Natasha
  2674 | D:3      | Killed Natasha
  2827 | D:3      | Found a sparkling altar of Nemelex Xobeh.
  2833 | D:3      | Learned a level 4 spell: Iskenderun's Mystic Blast
  2838 | D:3      | Learned a level 4 spell: Fulminant Prism
  2963 | D:3      | Noticed Grinder
  2964 | D:3      | Paralysed by Grinder for 4 turns
  2975 | D:3      | Killed Grinder
  2976 | D:3      | Reached skill level 2 in Fighting
  2976 | D:3      | Reached skill level 2 in Short Blades
  2976 | D:3      | Reached skill level 2 in Long Blades
  2976 | D:3      | Reached skill level 2 in Axes
  2976 | D:3      | Reached skill level 2 in Maces & Flails
  2976 | D:3      | Reached skill level 2 in Polearms
  2976 | D:3      | Reached skill level 2 in Staves
  2976 | D:3      | Reached skill level 2 in Slings
  2976 | D:3      | Reached skill level 2 in Bows
  2976 | D:3      | Reached skill level 2 in Crossbows
  2976 | D:3      | Reached skill level 2 in Throwing
  2976 | D:3      | Reached skill level 2 in Armour
  2976 | D:3      | Reached skill level 5 in Dodging
  2976 | D:3      | Reached skill level 2 in Shields
  2976 | D:3      | Reached skill level 2 in Unarmed Combat
  2976 | D:3      | Reached skill level 2 in Invocations
  2976 | D:3      | Reached skill level 2 in Evocations
  2976 | D:3      | Reached XP level 6. HP: 44/44 MP: 5/14
  3049 | D:3      | Noticed wafflestompin's ghost (amateur KoEn)
  3070 | D:3      | Found a runed translucent door.
  3078 | D:3      | Noticed Natasha
  3084 | D:3      | Killed Natasha
  3159 | D:3      | Killed wafflestompin's ghost
  3160 | D:3      | Reached XP level 7. HP: 50/50 MP: 8/15
  3351 | D:4      | Found a staircase to the Ecumenical Temple.
  3358 | Temple   | Entered the Ecumenical Temple
  3674 | D:4      | Reached skill level 2 in Hexes
  3674 | D:4      | Reached skill level 2 in Summonings
  3674 | D:4      | Reached skill level 2 in Necromancy
  3674 | D:4      | Reached skill level 2 in Translocations
  3674 | D:4      | Reached skill level 2 in Transmutations
  3674 | D:4      | Reached skill level 2 in Fire Magic
  3674 | D:4      | Reached skill level 2 in Ice Magic
  3674 | D:4      | Reached skill level 2 in Air Magic
  3674 | D:4      | Reached skill level 2 in Earth Magic
  3674 | D:4      | Reached skill level 2 in Poison Magic
  3735 | D:4      | HP: 11/51 [orc wizard/magic dart (6)]
  3741 | D:4      | HP: 3/51 [orc wizard/puff of flame (9)]
  3743 | D:4      | Reached skill level 5 in Stealth
  4046 | D:4      | Reached skill level 3 in Invocations
  4126 | D:4      | Found Xibebb's Gadget Emporium.
  4305 | D:4      | Found Muer's Antique Weapon Boutique.
  4681 | D:4      | Found a sacrificial altar of Ru.
  4748 | D:4      | Reached XP level 8. HP: 57/57 MP: 11/16
  4816 | D:4      | Found Vuotz's Book Shop.
  4833 | D:4      | Found Wakot's Jewellery Emporium.
  4974 | D:5      | Entered Level 5 of the Dungeon
  5089 | D:5      | Found a snail-covered altar of Cheibriados.
  5392 | D:5      | Found Ninoiq's Gadget Boutique.
  5623 | D:5      | Found a hazy altar of Hepliaklqana.
  5624 | D:5      | Found a shimmering altar of Xom.
  5625 | D:5      | Noticed a spectral ugly thing
  5784 | D:5      | Reached skill level 3 in Fighting
  5784 | D:5      | Reached skill level 3 in Short Blades
  5784 | D:5      | Reached skill level 3 in Long Blades
  5784 | D:5      | Reached skill level 3 in Axes
  5784 | D:5      | Reached skill level 3 in Maces & Flails
  5784 | D:5      | Reached skill level 3 in Polearms
  5784 | D:5      | Reached skill level 3 in Staves
  5784 | D:5      | Reached skill level 3 in Slings
  5784 | D:5      | Reached skill level 3 in Bows
  5784 | D:5      | Reached skill level 3 in Crossbows
  5784 | D:5      | Reached skill level 3 in Throwing
  5784 | D:5      | Reached skill level 3 in Armour
  5784 | D:5      | Reached skill level 3 in Shields
  5784 | D:5      | Reached skill level 3 in Unarmed Combat
  5784 | D:5      | Reached skill level 3 in Evocations
  6710 | D:6      | Found a bloodstained altar of Trog.
  6717 | D:6      | Reached skill level 6 in Spellcasting
  7167 | D:6      | Gained mutation: You are partially covered in large bone
                  | plates. (SH +4) [potion of mutation]
  7167 | D:6      | Gained mutation: You are covered in fur. (AC +1) [potion of
                  | mutation]
  7350 | D:6      | Noticed a +0 hand axe
  7351 | D:6      | Found a hide-covered altar of Uskayaw.
  7351 | D:6      | Noticed a +0 dagger
  7377 | D:6      | Reached skill level 4 in Invocations
  7598 | D:6      | Reached skill level 3 in Hexes
  7598 | D:6      | Reached skill level 3 in Summonings
  7598 | D:6      | Reached skill level 3 in Necromancy
  7598 | D:6      | Reached skill level 3 in Translocations
  7598 | D:6      | Reached skill level 3 in Transmutations
  7598 | D:6      | Reached skill level 3 in Fire Magic
  7598 | D:6      | Reached skill level 3 in Ice Magic
  7598 | D:6      | Reached skill level 3 in Air Magic
  7598 | D:6      | Reached skill level 3 in Earth Magic
  7598 | D:6      | Reached skill level 3 in Poison Magic
  7684 | D:6      | Reached skill level 6 in Dodging
  8081 | D:6      | Reached XP level 9. HP: 65/65 MP: 14/18
  8946 | D:7      | Reached skill level 4 in Fighting
  8946 | D:7      | Reached skill level 4 in Short Blades
  8946 | D:7      | Reached skill level 4 in Long Blades
  8946 | D:7      | Reached skill level 4 in Axes
  8946 | D:7      | Reached skill level 4 in Maces & Flails
  8946 | D:7      | Reached skill level 4 in Polearms
  8946 | D:7      | Reached skill level 4 in Staves
  8946 | D:7      | Reached skill level 4 in Slings
  8946 | D:7      | Reached skill level 4 in Bows
  8946 | D:7      | Reached skill level 4 in Crossbows
  8946 | D:7      | Reached skill level 4 in Throwing
  8946 | D:7      | Reached skill level 4 in Armour
  8946 | D:7      | Reached skill level 4 in Shields
  8946 | D:7      | Reached skill level 4 in Unarmed Combat
  8946 | D:7      | Reached skill level 4 in Evocations
  9297 | D:7      | Reached skill level 6 in Stealth
  9297 | D:7      | Reached skill level 8 in Conjurations
 10268 | D:8      | Reached skill level 5 in Invocations
 10483 | D:8      | Found an iron altar of Okawaru.
 10490 | D:8      | Reached skill level 7 in Spellcasting
 10490 | D:8      | Reached skill level 4 in Hexes
 10490 | D:8      | Reached skill level 4 in Summonings
 10490 | D:8      | Reached skill level 4 in Necromancy
 10490 | D:8      | Reached skill level 4 in Translocations
 10490 | D:8      | Reached skill level 4 in Transmutations
 10490 | D:8      | Reached skill level 4 in Fire Magic
 10490 | D:8      | Reached skill level 4 in Ice Magic
 10490 | D:8      | Reached skill level 4 in Air Magic
 10490 | D:8      | Reached skill level 4 in Earth Magic
 10490 | D:8      | Reached skill level 4 in Poison Magic
 10490 | D:8      | Reached XP level 10. HP: 73/73 MP: 9/20
 10496 | D:8      | Reached skill level 5 in Fighting
 10496 | D:8      | Reached skill level 5 in Short Blades
 10496 | D:8      | Reached skill level 5 in Long Blades
 10496 | D:8      | Reached skill level 5 in Axes
 10496 | D:8      | Reached skill level 5 in Maces & Flails
 10496 | D:8      | Reached skill level 5 in Polearms
 10496 | D:8      | Reached skill level 5 in Staves
 10496 | D:8      | Reached skill level 5 in Slings
 10496 | D:8      | Reached skill level 5 in Bows
 10496 | D:8      | Reached skill level 5 in Crossbows
 10496 | D:8      | Reached skill level 5 in Throwing
 10496 | D:8      | Reached skill level 5 in Armour
 10496 | D:8      | Reached skill level 5 in Shields
 10496 | D:8      | Reached skill level 5 in Unarmed Combat
 10496 | D:8      | Reached skill level 5 in Evocations
 10894 | D:8      | Reached skill level 7 in Dodging
 11442 | D:8      | Found a broken altar of Ashenzari.
 11445 | D:8      | Became a worshipper of Ashenzari the Shackled
 11862 | D:9      | Found an ancient bone altar of Kikubaaqudgha.
 11913 | D:9      | Noticed a green ugly thing
 12106 | D:9      | Found a glowing golden altar of the Shining One.
 12107 | D:9      | Found a white marble altar of Elyvilon.
 12119 | D:9      | Killed a green ugly thing
 12203 | D:9      | Found a glowing silver altar of Zin.
 12225 | D:9      | Reached skill level 6 in Invocations
 12296 | D:9      | Found a staircase to the Lair.
 12442 | D:9      | Reached skill level 7 in Stealth
 13001 | D:9      | Found Zarueg's Armour Emporium.
 13235 | D:10     | Entered Level 10 of the Dungeon
 13433 | D:10     | Reached XP level 11. HP: 79/81 MP: 5/22
 13555 | D:10     | Found a shimmering altar of Xom.
 13857 | D:10     | Reached skill level 6 in Fighting
 13857 | D:10     | Reached skill level 6 in Short Blades
 13857 | D:10     | Reached skill level 6 in Long Blades
 13857 | D:10     | Reached skill level 6 in Axes
 13857 | D:10     | Reached skill level 6 in Maces & Flails
 13857 | D:10     | Reached skill level 6 in Polearms
 13857 | D:10     | Reached skill level 6 in Staves
 13857 | D:10     | Reached skill level 6 in Slings
 13857 | D:10     | Reached skill level 6 in Bows
 13857 | D:10     | Reached skill level 6 in Crossbows
 13857 | D:10     | Reached skill level 6 in Throwing
 13857 | D:10     | Reached skill level 6 in Armour
 13857 | D:10     | Reached skill level 6 in Shields
 13857 | D:10     | Reached skill level 6 in Unarmed Combat
 13857 | D:10     | Reached skill level 6 in Evocations
 14117 | D:10     | Noticed Maurice
 14124 | D:10     | Reached skill level 5 in Hexes
 14124 | D:10     | Reached skill level 5 in Summonings
 14124 | D:10     | Reached skill level 5 in Necromancy
 14124 | D:10     | Reached skill level 5 in Translocations
 14124 | D:10     | Reached skill level 5 in Transmutations
 14124 | D:10     | Reached skill level 5 in Fire Magic
 14124 | D:10     | Reached skill level 5 in Ice Magic
 14124 | D:10     | Reached skill level 5 in Air Magic
 14124 | D:10     | Reached skill level 5 in Earth Magic
 14124 | D:10     | Reached skill level 5 in Poison Magic
 14233 | D:10     | Killed Maurice
 14374 | D:10     | Reached skill level 8 in Spellcasting
 15092 | D:11     | Noticed a tengu warrior
 15116 | D:11     | Found a frozen archway.
 15125 | IceCv    | Entered an ice cave
 15361 | IceCv    | Reached skill level 9 in Conjurations
 15361 | IceCv    | Reached skill level 7 in Invocations
 15453 | IceCv    | Reached skill level 8 in Dodging
 15940 | IceCv    | Reached skill level 8 in Stealth
 16039 | IceCv    | Reached XP level 12. HP: 84/89 MP: 6/24
 16455 | IceCv    | HP: 15/89 [something] (24)]
 16456 | IceCv    | Reached skill level 7 in Fighting
 16456 | IceCv    | Reached skill level 7 in Short Blades
 16456 | IceCv    | Reached skill level 7 in Long Blades
 16456 | IceCv    | Reached skill level 7 in Axes
 16456 | IceCv    | Reached skill level 7 in Maces & Flails
 16456 | IceCv    | Reached skill level 7 in Polearms
 16456 | IceCv    | Reached skill level 7 in Staves
 16456 | IceCv    | Reached skill level 7 in Slings
 16456 | IceCv    | Reached skill level 7 in Bows
 16456 | IceCv    | Reached skill level 7 in Crossbows
 16456 | IceCv    | Reached skill level 7 in Throwing
 16456 | IceCv    | Reached skill level 7 in Armour
 16456 | IceCv    | Reached skill level 7 in Shields
 16456 | IceCv    | Reached skill level 7 in Unarmed Combat
 16456 | IceCv    | Reached skill level 7 in Evocations
 17092 | IceCv    | Reached * piety under Ashenzari
 17145 | IceCv    | Noticed a frost giant
 17194 | IceCv    | Identified a scroll of acquirement
 17195 | IceCv    | Acquired the Compendium of Creative Combat Magic
 17196 | IceCv    | You add the spells Static Discharge, Stone Arrow, Lightning
                  | Bolt, Iskenderun's Battlesphere, Bolt of Magma, Iron Shot
                  | and Malign Gateway to your library.
 17203 | IceCv    | Learned a level 5 spell: Bolt of Magma
 17209 | IceCv    | Learned a level 5 spell: Iskenderun's Battlesphere
 17249 | IceCv    | Reached skill level 6 in Hexes
 17249 | IceCv    | Reached skill level 6 in Summonings
 17249 | IceCv    | Reached skill level 6 in Necromancy
 17249 | IceCv    | Reached skill level 6 in Translocations
 17249 | IceCv    | Reached skill level 6 in Transmutations
 17249 | IceCv    | Reached skill level 6 in Fire Magic
 17249 | IceCv    | Reached skill level 6 in Ice Magic
 17249 | IceCv    | Reached skill level 6 in Air Magic
 17249 | IceCv    | Reached skill level 6 in Earth Magic
 17249 | IceCv    | Reached skill level 6 in Poison Magic
 17255 | IceCv    | HP: 1/91 [frost giant/bolt of cold (32)]
 17256 | IceCv    | Killed a frost giant
 17257 | IceCv    | Reached skill level 9 in Spellcasting
 17257 | IceCv    | Reached skill level 8 in Invocations
 17820 | IceCv    | Identified the Disquisition on Snow
 17821 | IceCv    | You add the spells Freeze, Frozen Ramparts, Ozocubu's
                  | Armour, Summon Ice Beast, Metabolic Englaciation and
                  | Freezing Cloud to your library.
 17918 | D:11     | Noticed a six-headed hydra
 18278 | D:11     | Reached skill level 9 in Dodging
 18396 | D:11     | Found a staircase to the Orcish Mines.
 18628 | D:11     | Killed a tengu warrior
 18630 | D:11     | Killed a six-headed hydra
 19368 | Lair:1   | Entered Level 1 of the Lair of Beasts
 19387 | Lair:1   | Reached skill level 9 in Stealth
 19387 | Lair:1   | Reached XP level 13. HP: 98/98 MP: 23/26
 19568 | Lair:1   | Reached skill level 8 in Fighting
 19568 | Lair:1   | Reached skill level 8 in Short Blades
 19568 | Lair:1   | Reached skill level 8 in Long Blades
 19568 | Lair:1   | Reached skill level 8 in Axes
 19568 | Lair:1   | Reached skill level 8 in Maces & Flails
 19568 | Lair:1   | Reached skill level 8 in Polearms
 19568 | Lair:1   | Reached skill level 8 in Staves
 19568 | Lair:1   | Reached skill level 8 in Slings
 19568 | Lair:1   | Reached skill level 8 in Bows
 19568 | Lair:1   | Reached skill level 8 in Crossbows
 19568 | Lair:1   | Reached skill level 8 in Throwing
 19568 | Lair:1   | Reached skill level 8 in Armour
 19568 | Lair:1   | Reached skill level 8 in Shields
 19568 | Lair:1   | Reached skill level 8 in Unarmed Combat
 19568 | Lair:1   | Reached skill level 8 in Evocations
 21666 | Lair:2   | Reached skill level 9 in Invocations
 22866 | Lair:3   | Reached ** piety under Ashenzari
 22918 | Lair:3   | Reached skill level 10 in Conjurations
 23124 | Lair:3   | Reached skill level 7 in Hexes
 23124 | Lair:3   | Reached skill level 7 in Summonings
 23124 | Lair:3   | Reached skill level 7 in Necromancy
 23124 | Lair:3   | Reached skill level 7 in Translocations
 23124 | Lair:3   | Reached skill level 7 in Transmutations
 23124 | Lair:3   | Reached skill level 7 in Fire Magic
 23124 | Lair:3   | Reached skill level 7 in Ice Magic
 23124 | Lair:3   | Reached skill level 7 in Air Magic
 23124 | Lair:3   | Reached skill level 7 in Earth Magic
 23124 | Lair:3   | Reached skill level 7 in Poison Magic
 23282 | Lair:3   | Found a hole to the Spider Nest.
 23891 | Lair:3   | You pick up a book of Hexes and begin reading...
 23891 | Lair:3   | You add the spells Cause Fear, Yara's Violent Unravelling,
                  | Silence and Discord to your library.
 23907 | Lair:3   | Found a staircase to the Shoals.
 24169 | Lair:3   | Reached skill level 10 in Spellcasting
 25230 | Lair:4   | Reached XP level 14. HP: 90/106 MP: 15/28
 25423 | Lair:4   | Identified the ring of Fyhu {rC+++ AC+4 Str+6 Dex-3 Stlth-}
 25530 | Lair:4   | Reached skill level 10 in Dodging
 25662 | Lair:4   | Noticed Nessos
 25691 | Lair:4   | Killed Nessos
 25774 | Lair:4   | Reached skill level 9 in Fighting
 25774 | Lair:4   | Reached skill level 9 in Short Blades
 25774 | Lair:4   | Reached skill level 9 in Long Blades
 25774 | Lair:4   | Reached skill level 9 in Axes
 25774 | Lair:4   | Reached skill level 9 in Maces & Flails
 25774 | Lair:4   | Reached skill level 9 in Polearms
 25774 | Lair:4   | Reached skill level 9 in Staves
 25774 | Lair:4   | Reached skill level 9 in Slings
 25774 | Lair:4   | Reached skill level 9 in Bows
 25774 | Lair:4   | Reached skill level 9 in Crossbows
 25774 | Lair:4   | Reached skill level 9 in Throwing
 25774 | Lair:4   | Reached skill level 9 in Armour
 25774 | Lair:4   | Reached skill level 9 in Shields
 25774 | Lair:4   | Reached skill level 9 in Unarmed Combat
 25774 | Lair:4   | Reached skill level 9 in Evocations
 25848 | Lair:4   | Learned a level 5 spell: Lightning Bolt
 26010 | Lair:4   | Reached skill level 10 in Stealth
 26661 | Lair:5   | Found a gate leading to a gauntlet.
 26679 | Gauntlet | Entered a Gauntlet
 26679 | Gauntlet | Found a transporter.
 26679 | Gauntlet | Found a runed translucent door.
 26679 | Gauntlet | Found a transporter.
 26679 | Gauntlet | Found a transporter.
 26679 | Gauntlet | Found a runed translucent door.
 26680 | Gauntlet | Found a transporter.
 26681 | Gauntlet | Found a transporter.
 26684 | Gauntlet | Found a transporter.
 26693 | Gauntlet | Found a transporter.
 26693 | Gauntlet | Found a transporter.
 26694 | Gauntlet | Found a transporter.
 26695 | Gauntlet | Found a transporter.
 26703 | Gauntlet | Found a transporter.
 26711 | Gauntlet | Found a transporter.
 26818 | Gauntlet | Got the uncursed pair of gloves of Wumnam {rF+ rN+ Stlth+}
 26824 | Gauntlet | Identified the +1 pair of gloves of Wumnam {rF+ rN+ Stlth+}
                  | (You found it in a Gauntlet)
 26829 | Gauntlet | Paralysed by a floating eye for 3 turns
 26980 | Gauntlet | HP: 26/108 [death drake] (17)]
 27310 | Gauntlet | Reached skill level 10 in Invocations
 27324 | Gauntlet | Identified the Grimoire of Noxious Conjuration
 27325 | Gauntlet | You add the spells Poisonous Vapours, Ignite Poison, Spider
                  | Form, Fireball and Starburst to your library.
 27854 | Lair:5   | Learned a level 5 spell: Fireball
 28877 | Lair:5   | Found a runed translucent door.
 28878 | Lair:5   | Found a viscous altar of Jiyva.
 28878 | Lair:5   | Noticed an acid blob
 28879 | Lair:5   | Found a staircase to the Slime Pits.
 28879 | Lair:5   | Noticed an acid blob
 28879 | Lair:5   | Noticed an acid blob
 29485 | Lair:6   | Entered Level 6 of the Lair of Beasts
 29777 | Lair:6   | Reached skill level 8 in Hexes
 29777 | Lair:6   | Reached skill level 8 in Summonings
 29777 | Lair:6   | Reached skill level 8 in Necromancy
 29777 | Lair:6   | Reached skill level 8 in Translocations
 29777 | Lair:6   | Reached skill level 8 in Transmutations
 29777 | Lair:6   | Reached skill level 8 in Fire Magic
 29777 | Lair:6   | Reached skill level 8 in Ice Magic
 29777 | Lair:6   | Reached skill level 8 in Air Magic
 29777 | Lair:6   | Reached skill level 8 in Earth Magic
 29777 | Lair:6   | Reached skill level 8 in Poison Magic
 30285 | Lair:6   | Reached *** piety under Ashenzari
 30635 | Lair:6   | Identified the +1 scale mail "Tiana" {Regen+}
 30636 | Lair:6   | Identified the ring "Faiph" {rElec rCorr}
 30919 | Lair:6   | Reached XP level 15. HP: 115/115 MP: 14/29
 31543 | Lair:6   | Reached skill level 11 in Spellcasting
 32089 | Orc:1    | Entered Level 1 of the Orcish Mines
 32089 | Orc:1    | Found a roughly hewn altar of Beogh.
 33044 | Orc:2    | Entered Level 2 of the Orcish Mines
 33104 | Orc:2    | Reached skill level 10 in Fighting
 33104 | Orc:2    | Reached skill level 10 in Short Blades
 33104 | Orc:2    | Reached skill level 10 in Long Blades
 33104 | Orc:2    | Reached skill level 10 in Axes
 33104 | Orc:2    | Reached skill level 10 in Maces & Flails
 33104 | Orc:2    | Reached skill level 10 in Polearms
 33104 | Orc:2    | Reached skill level 10 in Staves
 33104 | Orc:2    | Reached skill level 10 in Slings
 33104 | Orc:2    | Reached skill level 10 in Bows
 33104 | Orc:2    | Reached skill level 10 in Crossbows
 33104 | Orc:2    | Reached skill level 10 in Throwing
 33104 | Orc:2    | Reached skill level 10 in Armour
 33104 | Orc:2    | Reached skill level 10 in Shields
 33104 | Orc:2    | Reached skill level 10 in Unarmed Combat
 33104 | Orc:2    | Reached skill level 10 in Evocations
 34075 | Orc:2    | Reached skill level 11 in Dodging
 34482 | Orc:2    | Found Abuu's Weapon Emporium.
 34482 | Orc:2    | Identified a +2 robe of the Archmagi
 34519 | Orc:2    | Reached skill level 11 in Conjurations
 34712 | Orc:2    | Found a roughly hewn altar of Beogh.
 34729 | Orc:2    | Found Hodeshynn's Armour Shoppe.
 34875 | Orc:2    | Reached skill level 11 in Invocations
 35294 | Orc:2    | Noticed an orc warlord
 35319 | Orc:2    | Killed an orc warlord
 35320 | Orc:2    | Reached skill level 11 in Stealth
 35432 | Orc:2    | Found a roughly hewn altar of Beogh.
 35742 | Orc:2    | Found Mimulyuh's Weapon Emporium.
 35778 | Orc:2    | Found Balovemy's Armour Shoppe.
 36170 | Orc:2    | Found a staircase to the Elven Halls.
 36926 | Orc:2    | Bought a +1 helmet of intelligence for 247 gold pieces
 37170 | Shoals:1 | Entered Level 1 of the Shoals
 37883 | Shoals:1 | Reached XP level 16. HP: 76/123 MP: 4/31
 37906 | Shoals:1 | HP: 24/123 [drowned by a water nymph (10)]
 37907 | Shoals:1 | HP: 8/123 [water elemental (17)]
 37915 | Shoals:1 | HP: 29/123 [drowned by a water elemental (4)]
 37915 | Shoals:1 | HP: 12/123 [sea snake (18)]
 37937 | Shoals:1 | Mangled by a merfolk impaler

Vanquished Creatures
  A frost giant (IceCv)
  An orc warlord (Orc:2)
  Nessos (Lair:4)
  A minotaur (Gauntlet)
  3 merfolk javelineers (Shoals:1)
  2 merfolk impalers (Shoals:1)
  A boulder beetle (Lair:5)
  8 hydras
  A merfolk avatar (Shoals:1)
  A catoblepas (Lair:6)
  2 two-headed ogres (Orc:2)
  A tengu warrior (D:11)
  2 merfolk aquamancers (Shoals:1)
  7 death yaks
  A deep troll shaman (Lair:6)
  5 orc high priests
  2 sea snakes (Shoals:1)
  An unseen horror (D:11)
  A death drake (Gauntlet)
  5 lindwurms
  6 orc knights
  3 manticores
  5 orc sorcerers
  An ugly thing (D:9)
  19 elephants
  A water nymph (Shoals:1)
  A spectral centaur (Gauntlet)
  5 black mambas
  2 centaur zombies (D:10)
  3 merfolk sirens
  Maurice (D:10)
  An ice statue (IceCv)
  An eye of devastation (Gauntlet)
  2 torpor snails
  7 cane toads
  A gargoyle (D:11)
  6 rime drakes
  13 komodo dragons
  5 trolls
  2 jumping spiders (Lair:3)
  7 merfolk (Shoals:1)
  19 polar bears
  Grinder (D:3)
  A spectral meliai (Gauntlet)
  5 blink frogs (Lair:2)
  13 dream sheep
  53 yaks
  2 wyverns
  2 water elementals (Shoals:1)
  A wraith (D:10)
  6 basilisks
  A redback (Lair:3)
  A golden eye (Gauntlet)
  A steam dragon (Lair:2)
  2 swamp worms (Gauntlet)
  5 wargs
  9 water moccasins
  A floating eye (Gauntlet)
  51 orc warriors
  5 black bears
  3 phantoms
  3 eyes of draining
  A necrophage (D:11)
  13 ice beasts
  19 ogres
  9 centaurs
  39 wolves
  2 big kobolds
  The ghost of wafflestompin the Sneak, an amateur KoEn (D:3)
  6 bullfrogs
  2 wyvern skeletons
  A scorpion (D:10)
  3 killer bees (D:9)
  4 electric eels
  4 howler monkeys
  A bullfrog zombie (D:6)
  2 jellies
  25 orc wizards
  41 orc priests
  4 hounds
  A bullfrog skeleton (D:9)
  Jessica (D:2)
  4 iguanas
  Natasha (thrice) (D:3)
  6 worker ants
  A hound skeleton (D:11)
  3 worker ant zombies
  11 gnolls
  A howler monkey skeleton (D:9)
  18 adders
  3 shadow imps
  7 white imps
  An ufetubus (D:9)
  4 oozes
  An adder zombie (D:6)
  An adder skeleton (D:8)
  3 worms
  A dart slug (D:2)
  3 leopard geckos
  124 orcs
  2 ball pythons
  9 bats
  6 giant cockroaches
  6 goblins
  7 hobgoblins
  23 jackals
  9 kobolds
  2 quokkas
  7 frilled lizards
  A jackal zombie (D:6)
  A leopard gecko skeleton (D:4)
  A quokka zombie (D:9)
  12 rats
784 creatures vanquished.

Vanquished Creatures (others)
  A bush (Lair:5)
  22 fulminant prisms
  39 fungi
  91 plants
  3 withered plants (Gauntlet)
156 creatures vanquished.

Grand Total: 940 creatures vanquished

Table legend:
 A = Non-vault XP
 B = Vault XP
 C = Vault XP percentage of total XP
 D = Non-vault monster count
 E = Vault monster count
 F = Vault count percentage of total count
                 A         B        C        D         E       F
            +---------+---------+-------+---------+---------+-------
      Total |   68303 |   66707 |  49.4 |     462 |     322 |  41.1
            +---------+---------+-------+---------+---------+-------
        D:1 |      42 |       0 |   0.0 |      22 |       0 |   0.0
        D:2 |      70 |      37 |  34.6 |      22 |       1 |   4.3
        D:3 |     121 |     412 |  77.3 |      16 |       7 |  30.4
        D:4 |     531 |       0 |   0.0 |      45 |       0 |   0.0
        D:5 |     217 |       0 |   0.0 |      16 |       0 |   0.0
        D:6 |     421 |     518 |  55.2 |      19 |       9 |  32.1
        D:7 |     825 |       0 |   0.0 |      23 |       0 |   0.0
        D:8 |    3208 |       0 |   0.0 |      48 |       0 |   0.0
        D:9 |    1910 |       0 |   0.0 |      28 |       0 |   0.0
       D:10 |    1954 |    1239 |  38.8 |      30 |       9 |  23.1
       D:11 |    3105 |    3182 |  50.6 |      13 |      30 |  69.8
     Lair:1 |    3350 |     698 |  17.2 |      20 |       6 |  23.1
     Lair:2 |    3655 |    1220 |  25.0 |      15 |       4 |  21.1
     Lair:3 |    9138 |    2152 |  19.1 |      31 |       7 |  18.4
     Lair:4 |    8166 |    1334 |  14.0 |      20 |       1 |   4.8
     Lair:5 |    7120 |    2568 |  26.5 |      19 |       4 |  17.4
     Lair:6 |   11551 |    8624 |  42.7 |      26 |      18 |  40.9
   Shoals:1 |    8753 |    5960 |  40.5 |      16 |       8 |  33.3
      Orc:1 |    4166 |       0 |   0.0 |      33 |       0 |   0.0
      Orc:2 |       0 |   20785 | 100.0 |       0 |     151 | 100.0
      IceCv |       0 |   14183 | 100.0 |       0 |      58 | 100.0
   Gauntlet |       0 |    3795 | 100.0 |       0 |       9 | 100.0
            +---------+---------+-------+---------+---------+-------

Illustrated notes

Table legend:
 A = Kills in this place as a percentage of kills in entire the game.
 B = Kills by you in this place as a percentage of kills by you in the entire game.
 C = Kills by friends in this place as a percentage of kills by friends in the entire game.
 D = Other kills in this place as a percentage of other kills in the entire game.
 E = Experience gained in this place as a percentage of experience gained in the entire game.
 F = Experience gained in this place divided by the number of levels of this place that you have seen.
                   A       B       C       D       E      F
               +-------+-------+-------+-------+-------+----------------------
         Total | 100.0 | 100.0 |   N/A |   N/A | 100.0 | 5870.0
       Dungeon |  43.1 |  43.1 |   N/A |   N/A |  13.2 | 1617.5
          Lair |  21.8 |  21.8 |   N/A |   N/A |  44.1 | 9929.3
        Shoals |   3.1 |   3.1 |   N/A |   N/A |  10.9 | 14713.0
  Orcish Mines |  23.5 |  23.5 |   N/A |   N/A |  18.5 | 12475.5
      Ice Cave |   7.4 |   7.4 |   N/A |   N/A |  10.5 | 14183.0
      Gauntlet |   1.1 |   1.1 |   N/A |   N/A |   2.8 | 3795.0
               +-------+-------+-------+-------+-------+----------------------

Table legend: (Time is in decaauts)
 A = Elapsed time spent in this place.
 B = Non-inter-level travel time spent in this place.
 C = Inter-level travel time spent in this place.
 D = Time resting spent in this place.
 E = Time spent auto-exploring this place.
 F = Levels seen in this place.
 G = Mean time per level.
                   A        B        C        D        E       F      G
               +--------+--------+--------+--------+--------+-----+--------+
         Total |  38002 |  36473 |   1529 |    556 |  30928 |  23 | 1652.3 |
       Dungeon |  16696 |  16057 |    639 |     23 |  14040 |  11 | 1517.8 |
        Temple |    123 |    113 |     10 |      0 |    113 |   1 |  123.0 |
          Lair |  12010 |  11236 |    774 |     19 |   9875 |   6 | 2001.7 |
        Shoals |    761 |    761 |      0 |      0 |    579 |   1 |  761.0 |
  Orcish Mines |   4880 |   4776 |    104 |     39 |   4068 |   2 | 2440.0 |
      Ice Cave |   2774 |   2774 |      0 |      0 |   2253 |   1 | 2774.0 |
      Gauntlet |    756 |    756 |      0 |    475 |      0 |   1 |  756.0 |
               +--------+--------+--------+--------+--------+-----+--------+

Top non-repeatable levels by time:
   Orc:2: 3766 daAuts
   IceCv: 2774 daAuts
  Lair:3: 2430 daAuts
  Lair:6: 2418 daAuts
     D:8: 2138 daAuts
    D:10: 2034 daAuts
     D:5: 1834 daAuts
  Lair:4: 1797 daAuts
  Lair:1: 1791 daAuts
  Lair:5: 1788 daAuts
  Lair:2: 1784 daAuts
     D:9: 1687 daAuts
     D:6: 1519 daAuts
     D:4: 1465 daAuts
    D:11: 1403 daAuts
